 Dungeon Crawl Stone Soup version 0.18-a0-775-g4d9e04e (webtiles) character file.

15143 JokEr the Fighter (level 11, -1/99 HPs)
             Began as a Demonspawn Fighter on Dec 13, 2015.
             Was a High Priest of Okawaru.
             Slain by a ten-headed hydra (12 damage)
             ... on level 2 of the Lair of Beasts.
             The game lasted 00:36:58 (16089 turns).

JokEr the Fighter (Demonspawn Fighter)             Turns: 16089, Time: 00:36:58

Health: -1/99      AC: 13    Str: 24    XL:     11   Next: 98%
Magic:  9/11       EV:  9    Int: 10    God:    Okawaru [*****.]
Gold:   624        SH: 11    Dex: 15    Spells: 0 memorised, 10 levels left

rFire  . . .     SeeInvis .     F - +0 scimitar
rCold  . . .     Clarity  .     m - +0 plate armour
rNeg   . . .     SustAt   .     c - +0 shield
rPois  .         Gourm    .     (helmet unavailable)
rElec  .         Spirit   .     (no cloak)
rCorr  .         Dismiss  .     (no gloves)
rMut   .         Stasis   .     p - +0 pair of boots
MR     .....                    (no amulet)
Stlth  ..........               q - +4 ring of slaying
                                w - +3 ring of evasion

@: mighty, heroism, heavily drained, not resistant to hostile enchantments,
extremely unstealthy
A: claws 1, horns 3, agile 1, foul stench 1, rot immunity
a: Heroism, Finesse, Renounce Religion


You were on level 2 of the Lair of Beasts.
You worshipped Okawaru.
Okawaru was extremely pleased with you.
You were hungry.

You visited 3 branches of the dungeon, and saw 13 of its levels.

You collected 624 gold pieces.

Inventory:

Hand Weapons
 a - a +1 long sword
 F - a +0 scimitar (weapon)
Armour
 c - a +0 shield (worn)
 m - a +0 plate armour (worn)
 p - a +0 pair of boots (worn)
Jewellery
 e - a +5 amulet of reflection
 q - a +4 ring of slaying (right claw)
 w - a +3 ring of evasion (left claw)
Wands
 i - a wand of random effects (31)
 o - a wand of polymorph (1)
 C - a wand of disintegration (11)
 D - a wand of frost (20)
 E - a wand of random effects (25)
Scrolls
 g - 4 scrolls of enchant armour
 j - 2 scrolls of magic mapping
 l - 5 scrolls of remove curse
 v - a scroll of enchant weapon
 y - 3 scrolls of fog
 A - a scroll of identify
 B - 2 scrolls of amnesia
Potions
 b - a potion of brilliance
 n - a potion of invisibility
 r - a potion of magic
 s - a potion of degeneration
 u - a potion of lignification {unknown}
 x - a potion of might
Comestibles
 f - 3 bread rations
 h - 3 meat rations
 k - a royal jelly
 t - 6 beef jerkies


   Skills:
 + Level 13.7(15.8) Fighting
 + Level 12.6(14.7) Long Blades
 - Level 2.6(5.4) Armour
 - Level 2.6(5.4) Shields


You had 10 spell levels left.
You didn't know any spells.

Dungeon Overview and Level Annotations

Branches:
Dungeon (10/15)            Temple (1/1) D:7            Lair (2/8) D:9
    Orc (0/2) D:9

Altars:
Ashenzari
Cheibriados
Dithmenos
Elyvilon
Fedhas
Gozag
Kikubaaqudgha
Makhleb
Nemelex Xobeh
Okawaru
Pakellas
Qazlal
Ru
Sif Muna
Trog
Vehumet
Xom
Yredelemnul
Zin
The Shining One

Shops:
D:4 :   D:9 =


Innate Abilities, Weirdness & Mutations

You have a pair of large horns on your head.
You may emit foul miasma when damaged in melee.
You are immune to rotting.
You have sharp fingernails.
You are agile. (Dex +2)


Message History

The ten-headed hydra bites you.
The ten-headed hydra bites you but does no damage.
The ten-headed hydra bites you.
* * * LOW HITPOINT WARNING * * *
The ten-headed hydra bites you but does no damage.
The ten-headed hydra barely misses you. The ten-headed hydra bites you.
* * * LOW HITPOINT WARNING * * *
Drink which item? (? for menu, Esc to quit)
You feel very mighty all of a sudden.
The ten-headed hydra is engulfed in dark miasma.
The ten-headed hydra looks even sicker.
The ten-headed hydra bites you!
* * * LOW HITPOINT WARNING * * *
The ten-headed hydra bites you but does no damage.
The ten-headed hydra bites you.
* * * LOW HITPOINT WARNING * * *
The ten-headed hydra closely misses you.
The ten-headed hydra barely misses you.
The ten-headed hydra bites you but does no damage.
The ten-headed hydra barely misses you. The ten-headed hydra bites you!
You die...

..!....... .<
#......#.# #.#.
#..............
.#......#.#.#.#.
..........$......
..#......#.#.#.#
.........D....#..
.......$.@†P......
...........#..##..
)..........#.....
...............###P.#
..#......##P...#.....
.....................
.....(.........#.....
...............P.....
##.##.#P###..........


You could see a ten-headed hydra.

Vanquished Creatures
  Erolcha (D:9)
  The ghost of 4thArraOfDagon the Cleaver, a novice HOBe of Trog (D:10)
  Sonja (Lair:1)
  A hill giant (D:10)
  A deep elf mage (D:10)
  2 black mambas (Lair:1)
  2 spiny frogs (Lair:1)
  22 yaks
  A hungry ghost (D:8)
  4 spriggans (Lair:1)
  The ghost of JokEr the Skirmisher, an amateur DsFi (D:3)
  A steam dragon (D:7)
  A deep elf fighter (D:9)
  A wolf (Lair:1)
  5 water moccasins
  3 orc warriors
  A sky beast (D:9)
  4 porcupines (Lair:1)
  A black bear (Lair:1)
  2 ice beasts
  2 phantoms
  5 ogres
  4 centaurs
  3 necrophages
  6 crocodiles
  8 giant frogs
  A gnoll sergeant (D:8)
  3 scorpions
  4 wights (D:10)
  9 killer bees
  5 electric eels
  2 crimson imps
  2 giant frog zombies
  5 hounds
  4 centaur zombies
  A gnoll shaman (D:7)
  A quasit (D:6)
  4 iguanas
  10 orc wizards
  5 worker ants
  6 orc priests
  3 centaur skeletons
  5 jellies
  Terence (D:2)
  A hound skeleton (D:10)
  A worker ant zombie (D:5)
  11 gnolls
  12 adders
  7 river rats
  A shadow imp (D:7)
  An ooze (D:4)
  2 worms
  51 orcs
  13 bats
  8 giant cockroaches
  6 goblins
  6 hobgoblins
  10 jackals
  12 kobolds
  7 quokkas
  A ball python (D:2)
  13 giant geckos
  A giant gecko skeleton (D:7)
  4 giant newts
  22 rats
  3 plants
348 creatures vanquished.

Vanquished Creatures (others)
  An orc wizard (D:8)
  9 fungi
  3 plants
13 creatures vanquished.

Grand Total: 361 creatures vanquished

Notes
Turn   | Place    | Note
--------------------------------------------------------------
     0 | D:1      | JokEr the Demonspawn Fighter began the quest for the Orb.
     0 | D:1      | Reached XP level 1. HP: 18/18 MP: 1/1
    61 | D:1      | Gained mutation: You have a pair of small horns on your head. [demonic ancestry]
    61 | D:1      | Reached XP level 2. HP: 16/24 MP: 2/2
   643 | D:1      | Gained mutation: You have a pair of horns on your head. [demonic ancestry]
   643 | D:1      | Reached XP level 3. HP: 22/29 MP: 3/3
  1529 | D:2      | Noticed Terence
  1553 | D:2      | Killed Terence
  1553 | D:2      | Reached skill level 4 in Fighting
  1553 | D:2      | Gained mutation: You are immune to rotting. [demonic ancestry]
  1553 | D:2      | Reached XP level 4. HP: 14/37 MP: 4/4
  2500 | D:2      | Found an oddly glowing altar of Pakellas.
  2597 | D:2      | Reached XP level 5. HP: 43/43 MP: 5/5
  2852 | D:2      | Found an oddly glowing altar of Pakellas.
  3095 | D:3      | Reached skill level 5 in Fighting
  3529 | D:3      | Gained mutation: You may emit foul miasma when damaged in melee. [demonic ancestry]
  3529 | D:3      | Reached XP level 6. HP: 47/51 MP: 6/6
  3593 | D:3      | Noticed JokEr's ghost (amateur DsFi)
  3609 | D:3      | Killed JokEr's ghost
  4170 | D:4      | Reached skill level 5 in Long Blades
  4178 | D:4      | Reached skill level 6 in Fighting
  4178 | D:4      | Reached XP level 7. HP: 42/58 MP: 7/7
  4587 | D:4      | Found a sacrificial altar of Ru.
  4725 | D:4      | Found Oreidas's Book Boutique.
  4770 | D:4      | Reached skill level 7 in Fighting
  5131 | D:5      | Entered Level 5 of the Dungeon
  5137 | D:5      | Gained mutation: You have a pair of large horns on your head. [demonic ancestry]
  5137 | D:5      | Reached XP level 8. HP: 67/67 MP: 8/8
  5589 | D:6      | Reached skill level 8 in Fighting
  5760 | D:6      | Found a sparkling altar of Nemelex Xobeh.
  5813 | D:6      | Found a bloodstained altar of Trog.
  6293 | D:6      | Reached XP level 9. HP: 18/75 MP: 9/9
  6299 | D:6      | Reached skill level 9 in Fighting
  6712 | D:7      | Found a staircase to the Ecumenical Temple.
  6722 | Temple   | Entered the Ecumenical Temple
  6726 | Temple   | Became a worshipper of Warmaster Okawaru
  8374 | D:8      | Reached * piety under Okawaru
  8439 | D:8      | Reached skill level 10 in Fighting
  9052 | D:8      | Found a burning altar of Makhleb.
  9523 | D:8      | Found a shattered altar of Ashenzari.
  9793 | D:8      | Reached XP level 10. HP: 86/86 MP: 10/10
  9895 | D:8      | Gained mutation: You are agile. (Dex +2) [potion of beneficial mutation]
  9896 | D:8      | Gained mutation: You have sharp fingernails. [potion of beneficial mutation]
  9922 | D:9      | Reached ** piety under Okawaru
 10124 | D:9      | Found a staircase to the Lair.
 10146 | D:9      | Reached skill level 11 in Fighting
 10152 | D:9      | Noticed Erolcha
 10164 | D:9      | Killed Erolcha
 10164 | D:9      | Reached *** piety under Okawaru
 10164 | D:9      | Reached skill level 10 in Long Blades
 10873 | D:9      | Reached **** piety under Okawaru
 10877 | D:9      | Reached skill level 12 in Fighting
 11320 | D:9      | Found a glowing silver altar of Zin.
 11324 | D:9      | Noticed an angel
 11326 | D:9      | Found a shimmering altar of Xom.
 11859 | D:9      | Found a staircase to the Orcish Mines.
 11862 | D:9      | Found Yczas's Jewellery Emporium.
 11961 | D:9      | Found a blossoming altar of Fedhas.
 11961 | D:9      | Found a deep blue altar of Sif Muna.
 12007 | D:10     | Entered Level 10 of the Dungeon
 12073 | D:10     | Reached XP level 11. HP: 95/95 MP: 11/11
 12238 | D:10     | Noticed 4thArraOfDagon's ghost (novice HOBe)
 12258 | D:10     | Killed 4thArraOfDagon's ghost
 12653 | D:10     | Noticed a hill giant
 12667 | D:10     | Killed a hill giant
 12667 | D:10     | Reached ***** piety under Okawaru
 12714 | D:10     | Received a gift from Okawaru
 13315 | D:10     | Found an opulent altar of Gozag.
 13507 | Lair:1   | Entered Level 1 of the Lair of Beasts
 13532 | Lair:1   | Reached skill level 13 in Fighting
 14481 | Lair:1   | Noticed Sonja
 14897 | Lair:1   | Killed Sonja
 16078 | Lair:2   | Noticed a five-headed hydra
 16089 | Lair:2   | Slain by a ten-headed hydra

Vault maps used:
D:1:      dpeg_arrival_central, minmay_unequal
D:2:      grunt_pakellas_mercury, minmay_misc_feat_doors,
          kennysheep_flooded_box, hangedman_feature_mirror, kennysheep_nub,
          uniq_terence
D:3:      gup_sewer_entry_spiral
D:4:      first_bread, serial_shops, shop_fountains, nicolae_ru_awakened_eye
D:6:      minmay_klotski, kennysheep_little_box, lightli_temple_of_fire,
          uniq_blork_the_orc
D:7:      temple_fountains, grunt_ogre_cave
D:8:      bloody_makhleb, serial_bayou, serial_bayou_pond_c,
          serial_bayou_shore_b, serial_bayou_shore_b, serial_bayou_ford_a,
          serial_bayou_pond_e, cheibrodos_ashenzari_chains
D:9:      grunt_temple_overflow_order_and_chaos_1,
          amethyst_overflow_temple_binary, grunt_lair_entry_elf_guard_hut,
          orc_0_dummy, serial_shops, nicolae_shop_stone, minmay_strange_pillars,
          uniq_erolcha
D:10:     grunt_gozag_breadcrumbs
Temple:   minmay_freezing_vapour_temple_12
Lair:1:   wad_woods_settlement, uniq_sonja
Lair:2:   st_stairs_8, minivault_24

Action                   |  1- 3 |  4- 6 |  7- 9 | 10-12 || total
-------------------------+-------+-------+-------+-------++-------
Melee: Long sword        |   128 |   247 |   209 |       ||   584
       Scimitar          |       |       |   139 |   442 ||   581
       Great sword       |       |       |    11 |       ||    11
Invok: Heroism           |       |       |       |     3 ||     3
  Use: Scroll            |     4 |     5 |    10 |     8 ||    27
       Potion            |       |     1 |     7 |     4 ||    12
  Eat: Chunk             |     2 |     7 |    11 |     6 ||    26
       Fruit             |       |     2 |     3 |       ||     5
       Bread ration      |       |       |     3 |     3 ||     6
       Royal jelly       |       |       |     1 |       ||     1
